Description

Neeb's Glaives Timing Attack

VOD

https://www.youtube.com/watch?v=4OaHJbN3XGw

Replay - hydra v Neeblet: Game 3 - New Gettysburg LE

Build Order

Get SALT Encoding   

  12  0:00  Probe (Chrono Boost)  
  13  0:11  Probe (Chrono Boost)  
  14  0:18  Pylon  
  14  0:23  Probe (Chrono Boost)  
  15  0:37  Probe (Chrono Boost)  
  15  0:40  Gateway  
  16  0:47  Probe (Chrono Boost)  
  17  0:58  Probe (Chrono Boost)  
  17  0:59  Assimilator  
  18  1:08  Probe (Chrono Boost)  
  19  1:21  Nexus  
  19  1:24  Probe (Chrono Boost)  
  20  1:34  Cybernetics Core  
  20  1:37  Probe (Chrono Boost)  
  21  1:44  Assimilator  
  21  1:48  Probe (Chrono Boost)  
  21  1:52  Pylon  
  22  1:58  Probe (Chrono Boost)  
  23  2:02  Pylon  
  23  2:09  Adept  
  23  2:11  Warp Gate  
  26  2:16  Probe (Chrono Boost)  
  26  2:29  Probe (Chrono Boost)  
  27  2:33  Stargate  
  27  2:35  Probe (Chrono Boost)  
  27  2:36  Adept  
  28  2:41  Probe (Chrono Boost)  
  31  2:46  Probe (Chrono Boost)  
  33  2:51  Probe (Chrono Boost)  
  33  2:57  Probe (Chrono Boost)  
  34  3:02  Probe (Chrono Boost)  
  35  3:07  Probe (Chrono Boost)  
  35  3:11  Gateway  
  35  3:12  Gateway  
  36  3:13  Probe (Chrono Boost)  
  36  3:15  Phoenix  
  39  3:21  Probe (Chrono Boost)  
  42  3:27  Mothership Core (Chrono Boost)  
  42  3:30  Pylon  
  42  3:31  Probe (Chrono Boost)  
  42  3:33  Pylon  
  43  3:37  Phoenix  
  45  3:42  Probe (Chrono Boost)  
  47  3:50  Probe (Chrono Boost)  
  47  3:53  Probe (Chrono Boost)  
  48  3:59  Phoenix  
  48  4:02  Probe (Chrono Boost)  
  51  4:03  Probe (Chrono Boost)  
  51  4:07  Pylon  
  52  4:14  Probe x2 (Chrono Boost)  
  52  4:15  Adept x3  
  60  4:20  Assimilator  
  60  4:22  Phoenix  
  60  4:26  Probe x2 (Chrono Boost)  
  64  4:36  Nexus  
  65  4:39  Probe (Chrono Boost)  
  65  4:40  Probe (Chrono Boost)  
  65  4:44  Pylon  
  66  4:48  Twilight Council  
  66  4:52  Phoenix  
  66  4:57  Probe (Chrono Boost)  
  66  4:58  Probe (Chrono Boost)  
  70  5:08  Probe (Chrono Boost)  
  70  5:10  Probe (Chrono Boost)  
  70  5:13  Resonating Glaives  
  72  5:17  Robotics Facility  
  72  5:18  Probe (Chrono Boost), Pylon, Adept x2  
  78  5:23  Probe (Chrono Boost)  
  78  5:27  Pylon  
  78  5:35  Pylon  
  78  5:38  Pylon  
  78  5:39  Gateway  
  78  5:40  Gateway  
  75  5:51  Adept x3  
  75  5:52  Probe (Chrono Boost)  
  75  5:54  Probe x2 (Chrono Boost)  
  79  5:58  Pylon  
  79  6:03  Probe (Chrono Boost)  
  80  6:06  Pylon  
  80  6:10  Gateway  
  82  6:12  Gateway  
  82  6:15  Gateway  
  82  6:17  Adept x2  
  84  6:27  Adept  
  84  6:28  Probe (Chrono Boost)  
  84  6:29  Probe (Chrono Boost)  
  88  6:34  Probe (Chrono Boost)  
  89  6:41  Adept x4  
  89  6:44  Probe (Chrono Boost)  
  89  6:46  Mothership Core (Chrono Boost)  
  91  6:54  Adept  
  91  6:56  Probe (Chrono Boost)  
  91  6:57  Probe (Chrono Boost)  
  89  7:02  Warp Prism  
  89  7:03  Gateway  
  89  7:04  Gateway  
  89  7:07  Gateway  
  89  7:09  Adept x3  
  89  7:10  Gateway  
  89  7:12  Adept  
  95  7:15  Adept x2  
  95  7:16  Adept  
  97  7:35  Pylon  
  97  7:36  Pylon, Adept x6  
  97  7:37  Adept  
  107  8:03  Adept x5  
  107  8:04  Adept x3  
  123  8:09  Warp Prism  
  115  8:17  Adept x3  
  115  8:18  Adept  
  109  8:25  Adept x5  
  109  8:26  Adept x2  
  113  8:45  Adept  
Spawning Tool Build Advisor. Get it on Overwolf

Go to:

Details

  • Created by: Mazer
  • Published on: Jul 23, 2016
  • Modified on: Jul 26, 2016
  • Patch: Pre-3.8.0
Show
View Real Time Build Order
Export as new Build Order

Comments (3)

On July 25, 2016, 11:29 p.m., StoicLoofah  said:

Looks like the build order name is still "hydra v Neeblet: Game 3 - New Gettysburg LE Copy". Are you sure that saved?

On July 25, 2016, 3:03 p.m., Mazer  said:

Updated. Thanks!

On July 25, 2016, 1:49 a.m., StoicLoofah  said:

For clarity, maybe it would be better to rename this build to "Neeb's Glaives Timing Attack"?

Create an account to comment!